 Dungeon Crawl Stone Soup version 0.31-a0-167-g1c394c0614 (webtiles) character file.

Game seed: 9366705770318533978

132 frimble the Ruffian (level 5, -3/34 HPs)
             Began as an Octopode Warper on June 14, 2023.
             Slain by a hound (5 damage)
             ... on level 4 of the Dungeon.
             The game lasted 00:02:47 (1767 turns).

frimble the Ruffian (Octopode Warper)               Turns: 1767, Time: 00:02:48

Health: -3/34      AC:  1    Str: 11 (13) XL:     5   Next: 15%
Magic:  8/8        EV: 13    Int: 14 (15) God:
Gold:   156        SH:  0    Dex:  8 (11) Spells: 8/8 levels left

rFire   . .          .
                       - Unarmed
rCold   . . .        (no shield)
rNeg    . . .        (helmet restricted)
rPois   .            (no amulet)
rElec   .            j - +4 ring of slaying
rCorr   .            (no ring)
SInv    .            (no ring)
Will    .....        (no ring)
Stlth   ++           (no ring)
HPRegen 0.25/turn    (no ring)
MPRegen 0.11/turn    (no ring)
                     (no ring)

%: no passive effects
@: brilliant, lethally poisoned (-3 -> -8), invisible
A: almost no armour, amphibious, 8 rings, camouflage 1, gelatinous body 1,
(nimble swimmer 1), tentacles
a: no special abilities


You were on level 4 of the Dungeon.
You visited 1 branch of the dungeon, and saw 4 of its levels.

You collected 156 gold pieces.

Inventory:

Missiles
 b - 7 boomerangs of dispersal
 c - 6 boomerangs (quivered)
Jewellery
 j - a +4 ring of slaying (left tentacle)
Scrolls
 a - a scroll of blinking
 e - a scroll of revelation {unknown}
 m - a scroll of identify {unknown}
Potions
 g - a potion of curing {unknown}
 h - a potion of resistance {unknown}
 i - a potion of brilliance
 k - a potion of might {unknown}
 l - a potion of heal wounds {unknown}


   Skills:
 - Level 2.0 Fighting
 - Level 1.0 Throwing
 - Level 2.3 Dodging
 + Level 5.2 Unarmed Combat
 - Level 2.0 Spellcasting
 - Level 3.0 Translocations


You had 8 spell levels left.
You didn't know any spells.
Your spell library contained the following spells:

 Spells                   Type           Power      Damage    Failure   Level
 Blink                    Tloc           28%        N/A       11%         2
 Lesser Beckoning         Tloc           28%        N/A       11%         2
 Teleport Other           Tloc           14%        N/A       21%         3
 Vhi's Electric Charge    Tloc/Air       16%        N/A       36%         3
 Manifold Assault         Tloc           14%        N/A       56%         4
 Fireball                 Conj/Fire      1%         3d3       100%        5
 Iskenderun's Battlesphe  Conj           2%         2d6       100%        5
 Conjure Ball Lightning   Conj/Air       1%         3x3d6     100%        6
 Orb of Destruction       Conj           1%         9d5       100%        7


Dungeon Overview and Level Annotations

Branches:
Dungeon (4/15)
 Temple: D:4-7

Altars:

Shops:
D:2 =


Innate Abilities, Weirdness & Mutations

You cannot wear most types of armour.
You are amphibious.
You can wear up to eight rings at the same time.
Your skin changes colour to match your surroundings (Stealth+).
Your rubbery body absorbs attacks. (AC +1, EV +1)
((You are camouflaged when in or above water. (Stealth+)))
You have tentacles for arms and can constrict up to eight enemies at once.


Message History

You don't know any spells.
Sorry, you're not good enough to have a special ability.
You tentacle-slap the dart slug. You grab the dart slug.
The dart slug is heavily wounded.
You constrict the dart slug.
You feel sick. The adder closely misses you. The adder bites you.
You barely miss the hound. Your grab misses the hound.
You constrict the dart slug.
You feel sick. The hound bites you.
A ball python comes into view.
The dart slug misses you. The adder barely misses you. The hound bites you.
It was a potion of degeneration.
There was something very wrong with that liquid.
You feel weakened.
You feel dopey.
You feel clumsy.
You constrict the dart slug.
You kill the dart slug!
You feel sick. The hound bites you. The adder bites you.
You closely miss the hound. You grab the hound. You squeeze the hound.
The hound is moderately wounded.
You constrict the hound.
You feel sick. The hound closely misses you.
A quokka comes into view.
The adder bites you.
* * * LOW HITPOINT WARNING * * *
You are lethally poisoned!
The adder poisons you! The hound bites you.
* * * LOW HITPOINT WARNING * * *
It was a potion of invisibility.
You fade into invisibility!
You constrict the hound.
* * * LOW HITPOINT WARNING * * *
You feel sick. The adder barely misses you. The hound barely misses you.
The adder barely misses you. The ball python completely misses you.
It was a potion of brilliance.
You feel clever all of a sudden.
You constrict the hound.
* * * LOW HITPOINT WARNING * * *
You feel sick. The hound barely misses you. The adder misses you.
The ball python bites you.
* * * LOW HITPOINT WARNING * * *
The hound bites you.
You die...

###.###.##########
####. #.##
+....###..### .
#.........# ..#
#.........#
....#.........+
#.......[...#
#.$.........#
#.##.h@).....# .
#?SSr.....#
#.##.......# (.#
#.......# #..
.####...# ## #
...# ...# ##


You could see a hound, an adder (unable to see you), a quokka (unable to see
you) and a ball python (unable to see you).

Vanquished Creatures
  An orc priest (D:3)
  A gnoll (D:4)
  2 adders
  A worm (D:2)
  4 dart slugs
  4 endoplasms
  4 giant cockroaches
  6 goblins
  7 hobgoblins
  7 jackals
  6 ball pythons
  3 bats
  2 frilled lizards
  9 kobolds
  4 rats
61 creatures vanquished.

Notes
Turn   | Place    | Note
-------+----------+-------------------------------------------
     0 | D:1      | frimble the Octopode Warper began the quest for the Orb.
     0 | D:1      | Reached XP level 1. HP: 14/14 MP: 3/3
    55 | D:1      | Reached XP level 2. HP: 17/19 MP: 5/5
   126 | D:1      | Found a faded altar of an unknown god.
   178 | D:1      | Reached skill level 3 in Unarmed Combat
   452 | D:1      | Reached XP level 3. HP: 24/24 MP: 6/6
   514 | D:2      | Found Xehurroo's Jewellery Shop.
   762 | D:2      | Reached skill level 4 in Unarmed Combat
  1181 | D:3      | Reached XP level 4. HP: 29/29 MP: 7/7
  1747 | D:4      | Reached skill level 5 in Unarmed Combat
  1747 | D:4      | Reached XP level 5. HP: 33/34 MP: 8/8
  1767 | D:4      | Slain by a hound

Illustrated notes

Levels and vault maps discovered:
D:1:      dpeg_arrival_houses_and_road, layout_rooms,
          hellmonk_ecumenical_altar_heavens_door
D:2:      minmay_general_purpose_star, layout_basic, serial_shops, shop
D:3:      layout_basic
D:4:      layout_basic, mainiacjoe_overflow_brackets, overflow_temple_1_default,
          lemuel_round_altar, minmay_vboxes

Skill      XL: |  1  2  3  4 |
---------------+-------------+-----
Unarmed Combat | 3 4 5 |  5.2
Fighting       | |  2.0
Throwing       | |  1.0
Dodging        | |  2.3
Spellcasting   | |  2.0
Translocations | |  3.0

Action                     |  1- 3 |  4- 6 || total
---------------------------+-------+-------++-------
  Melee: Unarmed           |    80 |    61 ||   141
         Constrict         |    26 |    16 ||    42
         Tentacles         |    18 |     8 ||    26
         Punch             |     3 |     1 ||     4
  Throw: Boomerang         |       |     1 ||     1
    Use: Scroll            |     4 |       ||     4
         Potion            |       |     3 ||     3
   Stab: Sleeping          |     6 |     1 ||     7
 Armour: Skin              |     6 |     3 ||     9
  Dodge: Dodged            |    41 |    54 ||    95

Table legend: (Time is in decaauts)
 A = Elapsed time spent in this place.
 B = Non-inter-level travel time spent in this place.
 C = Inter-level travel time spent in this place.
 D = Time resting spent in this place.
 E = Time spent auto-exploring this place.
 F = Levels seen in this place.
 G = Mean time per level.
                   A        B        C        D        E       F      G
               +--------+--------+--------+--------+--------+-----+--------+
         Total |   1755 |   1728 |     27 |      0 |   1345 |   4 |  438.8 |
       Dungeon |   1755 |   1728 |     27 |      0 |   1345 |   4 |  438.8 |
               +--------+--------+--------+--------+--------+-----+--------+

Top non-repeatable levels by time:
     D:2: 697 daAuts
     D:3: 514 daAuts
     D:1: 468 daAuts
     D:4: 75 daAuts
